 Dungeon Crawl Stone Soup version 0.25.1-11-g244df3a29b (webtiles) character file.

Game seed: 10725949161638824093

3583 oldriver the Slicer (level 10, -1/66 HPs)
             Began as a Halfling Assassin on Jan 3, 2023.
             Was a Follower of Nemelex Xobeh.
             Killed by nerve-wracking pain
             ... invoked by Menkaure
              (11 damage)
             ... in an ossuary.
             The game lasted 00:19:57 (9143 turns).

oldriver the Slicer (Halfling Assassin)             Turns: 9143, Time: 00:19:58

Health: -1/66      AC:  9    Str: 21    XL:     10   Next: 31%
Magic:  10/10      EV: 17    Int:  9    God:    Nemelex Xobeh [*.....]
Gold:   433        SH:  0    Dex: 17    Spells: 9/9 levels left

rFire    . . .     SeeInvis .   a - +1 dagger (venom)
rCold    . . .     Gourm    .   (shield restricted)
rNeg     . . .     Faith    .   o - +0 ring mail
rPois    .         Spirit   .   g - +0 helmet
rElec    .         Reflect  .   c - +0 cloak
rCorr    .         Harm     .   (no gloves)
MR       .....                  n - +0 pair of boots
Stlth    ++++......             u - amulet of regeneration
HPRegen  0.61/turn              l - ring of stealth
MPRegen  0.12/turn              w - +6 ring of strength

@: stab
A: small, blurry vision 1, mutation resistance 1
a: Draw Escape, Draw Destruction, Draw Summoning, Renounce Religion


You were in an ossuary.
You worshipped Nemelex Xobeh.
Nemelex Xobeh was aware of your devotion.
You were not hungry.

You visited 2 branches of the dungeon, and saw 9 of its levels.
You also visited: Ossuary.

You collected 433 gold pieces.

Inventory:

Hand Weapons
 a - a +1 dagger of venom (weapon)
 b - a +0 hunting sling
Missiles
 d - 57 poisoned darts (quivered)
 e - a curare-tipped dart
 p - 42 sling bullets
 y - 102 stones
Armour
 c - a +0 cloak (worn)
 g - a +0 helmet (worn)
 m - a +0 buckler
 n - a +0 pair of boots (worn)
 o - a +0 ring mail (worn)
Jewellery
 l - a ring of stealth (left hand)
 q - an uncursed ring of protection from cold
 u - an amulet of regeneration (around neck)
 w - a +6 ring of strength (right hand)
 z - an uncursed ring of protection from cold
Wands
 E - a wand of random effects (17)
Scrolls
 h - 2 scrolls of fog
 j - 4 scrolls of identify
 k - 2 scrolls of teleportation
 s - a scroll of blinking
 t - 4 scrolls of magic mapping
 x - a scroll of amnesia
 C - 2 scrolls of remove curse
 D - a scroll of enchant armour {unknown}
Potions
 v - a potion of lignification
 A - 2 potions of ambrosia
 B - 2 potions of flight
Comestibles
 f - 16 rations


   Skills:
 + Level 5.0 Fighting
 - Level 10.0 Short Blades
 * Level 0.7(2.0) Slings
 - Level 2.0 Throwing
 + Level 5.3 Armour
 + Level 5.5 Dodging
 - Level 8.0 Stealth
 + Level 5.3 Shields


You had 9 spell levels left.
You didn't know any spells.
Your spell library contained the following spells:

 Spells                   Type           Power        Failure   Level  Hunger
 Animate Skeleton         Necr           N/A          54%         1    ##.....
 Apportation              Tloc           #.....       54%         1    ##.....
 Corona                   Hex            #......      54%         1    ##.....
 Summon Small Mammal      Summ           #...         54%         1    ##.....


Dungeon Overview and Level Annotations

Branches:
Dungeon (8/15)             Temple (1/1) D:6         Ossuary (1/1)
   Lair: D:8-11

Altars:
Ashenzari
Cheibriados
Dithmenos
Elyvilon
Fedhas
Gozag
Hepliaklqana
Kikubaaqudgha
Makhleb
Nemelex Xobeh
Okawaru
Qazlal
Ru
Sif Muna
Trog
Uskayaw
Vehumet
Wu Jian
Xom
Yredelemnul
Zin
The Shining One

Shops:
D:8 %

Annotations:
Ossuary Menkaure


Innate Abilities, Weirdness & Mutations

You are small and have problems with some larger weapons.
You are somewhat resistant to further mutation.
Scrolls take you a little longer to read.


Message History

Deactivating autopickup; reactivate with Ctrl-A.
You hear some strange, mumbled words.
Pain shoots through your body!
* * * LOW HITPOINT WARNING * * *
Really read with blurry vision while enemies are nearby? [Y]es or [N]o only, please.
Really read with blurry vision while enemies are nearby? [Y]es or [N]o only, please.
Really read with blurry vision while enemies are nearby? [Y]es or [N]o only, please.
Really read with blurry vision while enemies are nearby?
Okay, then.
Unknown command.
You closely miss something. You hit something.
Something hits you but does no damage.
You hit something.
You hear some strange, mumbled words.
Pain shoots through your body!
You die...
Your body disappears without a glow.

##^.##..##..##..##
##..##..####..##..##
##..##..######..##..#
##..##..##....##..##.^
##..##..##..##..##..##.
##..##..##..####.^##..##
##..##..##..## ##..##..#
##..##^.##((## ##.^##.^
##..##..##@(## ##^.##.
##..##..##.{## ##..##
##..##..##..## ##..#
##..##..##..## ##..
##..##..##..## ##.
##..##..##^...Z...^. ##
##..##..#########################
#..##....^...^...................
..###############################


There were no monsters in sight!

Vanquished Creatures
  Grinder (D:5)
  Prince Ribbit (D:7)
  A hippogriff (D:7)
  An orc warrior (D:3)
  2 sky beasts (D:7)
  A phantom (D:4)
  2 black bears (D:6)
  3 centaurs
  A necrophage (D:7)
  6 ogres
  3 bullfrogs
  2 scorpions (D:4)
  A water moccasin skeleton (D:7)
  5 killer bees (D:7)
  3 crimson imps
  2 centaur zombies (D:7)
  3 hounds
  4 orc wizards
  An orc priest (D:7)
  A jelly (D:6)
  A gnoll shaman (D:5)
  Jessica (D:3)
  An iguana (D:6)
  8 worker ants
  4 mummies
  11 adders
  A howler monkey skeleton (D:4)
  3 shadow imps
  2 oozes (D:2)
  An adder zombie (D:5)
  4 worms
  2 dart slugs
  5 leopard geckos
  14 orcs
  9 bats
  2 giant cockroaches
  4 gnoll zombies (Ossuary)
  16 goblins
  8 hobgoblins
  11 jackals
  2 quokkas (D:2)
  2 ball pythons
  5 frilled lizards
  4 gnoll skeletons (Ossuary)
  4 goblin skeletons (Ossuary)
  A goblin zombie (Ossuary)
  5 hobgoblin skeletons (Ossuary)
  4 hobgoblin zombies (Ossuary)
  A jackal skeleton (D:4)
  8 kobolds
  3 kobold skeletons (Ossuary)
  5 kobold zombies (Ossuary)
  A leopard gecko zombie (D:6)
  5 orc skeletons (Ossuary)
  8 orc zombies (Ossuary)
  A quokka skeleton (D:7)
  2 quokka zombies (D:7)
  13 rats
  2 rat skeletons (Ossuary)
  2 rat zombies (Ossuary)
230 creatures vanquished.

Vanquished Creatures (others)
  A gnoll zombie (Ossuary)
  2 fungi (D:4)
3 creatures vanquished.

Grand Total: 233 creatures vanquished

Notes
Turn   | Place    | Note
-------+----------+-------------------------------------------
     0 | D:1      | oldriver the Halfling Assassin began the quest for the Orb.
     0 | D:1      | Reached XP level 1. HP: 14/14 MP: 1/1
   102 | D:1      | Reached XP level 2. HP: 19/19 MP: 2/2
   194 | D:1      | Reached skill level 5 in Stealth
   563 | D:1      | Reached XP level 3. HP: 21/24 MP: 3/3
   744 | D:1      | Reached skill level 3 in Short Blades
  1240 | D:2      | Reached XP level 4. HP: 27/29 MP: 4/4
  1642 | D:2      | Reached XP level 5. HP: 34/34 MP: 5/5
  1768 | D:2      | Found a faded altar of an unknown god.
  1772 | D:2      | Reached skill level 4 in Short Blades
  2292 | D:3      | Noticed an orc warrior
  2719 | D:3      | Noticed Jessica
  2724 | D:3      | Killed Jessica
  2724 | D:3      | Reached XP level 6. HP: 41/41 MP: 6/6
  2760 | D:3      | Killed an orc warrior
  2760 | D:3      | Reached skill level 5 in Short Blades
  3247 | D:4      | You fall into a shaft and drop 2 floors!
  3439 | D:5      | Entered Level 5 of the Dungeon
  3496 | D:4      | Noticed a phantom
  3548 | D:4      | Killed a phantom
  3548 | D:4      | Reached skill level 6 in Short Blades
  3548 | D:4      | Reached XP level 7. HP: 27/46 MP: 7/7
  4487 | D:5      | Found a sacrificial altar of Ru.
  4521 | D:5      | Reached skill level 7 in Short Blades
  4521 | D:5      | Reached XP level 8. HP: 51/54 MP: 8/8
  5080 | D:5      | Noticed Grinder
  5101 | D:5      | Killed Grinder
  5101 | D:5      | Reached skill level 8 in Short Blades
  5552 | D:6      | Reached skill level 9 in Short Blades
  5552 | D:6      | Reached XP level 9. HP: 53/60 MP: 9/9
  5650 | D:6      | Noticed a moth of wrath
  5652 | D:6      | Found a bloodstained altar of Trog.
  6116 | D:6      | Found a staircase to the Ecumenical Temple.
  6195 | D:6      | Reached skill level 5 in Fighting
  6423 | Temple   | Entered the Ecumenical Temple
  6572 | Temple   | Became a worshipper of Nemelex Xobeh the Trickster
  6769 | D:6      | Reached skill level 10 in Short Blades
  6786 | D:6      | Reached skill level 1 in Armour
  7005 | D:6      | Reached skill level 1 in Shields
  7331 | D:7      | Found a blossoming altar of Fedhas.
  7337 | D:7      | Noticed a hippogriff
  7356 | D:7      | Killed a hippogriff
  7469 | D:7      | Received a gift from Nemelex Xobeh
  7674 | D:7      | Noticed Prince Ribbit
  7737 | D:7      | Reached XP level 10. HP: 52/66 MP: 10/10
  7885 | D:7      | Killed Prince Ribbit
  8008 | D:7      | Reached skill level 5 in Dodging
  8193 | D:7      | Reached skill level 5 in Armour
  8322 | D:8      | Reached * piety under Nemelex Xobeh
  8324 | D:8      | Found Qexad's Food Shoppe.
  8407 | D:8      | Reached skill level 5 in Shields
  8498 | D:8      | Found a sand-covered staircase.
  8522 | Ossuary  | Entered an ossuary
  9117 | Ossuary  | Noticed Menkaure
  9126 | Ossuary  | Gained mutation: Scrolls take you a little longer to read.
                  | [potion of mutation]
  9143 | Ossuary  | Killed from afar by Menkaure

Illustrated notes

Levels and vault maps discovered:
D:1:      dpeg_arrival_water_temple_mockup, layout_rooms,
          minmay_indecisive_spiral
D:2:      layout_rooms, first_ration, chequers_ecumenical_altar_twisty
D:3:      layout_loops_ring, minmay_misc_feat_doors, uniq_jessica
D:4:      old_forge, layout_cave_pools
D:5:      minmay_general_purpose_star, layout_cave_pools,
          nicolae_ru_sacrificial_ziggurat, uniq_grinder
D:6:      minmay_diamond_boxcup, layout_loops_ring, tgw_trog,
          minmay_temple_entry_glassed_door, minmay_a_box_with_orc_wizards_in_it
D:7:      layout_basic, supply_closet_lemuel, grunt_ogre_cave, fedhas_altar_3,
          uniq_prince_ribbit1
D:8:      layout_cave_pools, basic_altar, gup_ossuary_entry_pyramid,
          minmay_misc_feat_pillars, minmay_shop_grid_forest
Temple:   compressed_dpeg_triangle_lava_temple
Ossuary:  ossuary_due_pyramid

Skill      XL: |  1  2  3  4  5  6  7  8  9 10 |
---------------+-------------------------------+-----
Stealth        | 5 6 7 8 |  8.0
Short Blades   | 3 4 6 7 9 10 | 10.0
Fighting       | 2 3 4 5 |  5.0
Armour         | 4 5 |  5.3
Dodging        | 4 5 |  5.5
Shields        | 3 5 |  5.3
Slings         | |  0.7
Throwing       | |  2.0

Action                   |  1- 3 |  4- 6 |  7- 9 | 10-12 || total
-------------------------+-------+-------+-------+-------++-------
Melee: Dagger            |   108 |   122 |   296 |   139 ||   665
 Fire: Hunting sling     |       |    22 |    60 |   169 ||   251
Throw: Dart              |    20 |    26 |     3 |     1 ||    50
Evoke: Wand              |       |       |     2 |     7 ||     9
  Use: Scroll            |     5 |    10 |     5 |       ||    20
       Potion            |     1 |       |     2 |     6 ||     9
 Stab: Sleeping          |     1 |    11 |    22 |     2 ||    36
       Distracted        |       |       |     1 |       ||     1
  Eat: Chunk             |     1 |     7 |    13 |     3 ||    24
       Ration            |       |       |       |     1 ||     1
Armor: Robe              |    18 |       |       |       ||    18
       Skin              |    21 |       |       |       ||    21
       Ring mail         |    11 |    28 |    64 |    24 ||   127
Dodge: Dodged            |    85 |    52 |   128 |    80 ||   345
